Map: [G8] Babylon

Players

Maru - Winner!

  • Race: Terran Terran
  • Spawn Location: 5:00

ShoWTimE

  • Race: Protoss Protoss
  • Spawn Location: 11:00

VOD

Have the link to the VOD?

Description

Time

  • Played on: Aug. 3, 2023, 7:12 a.m.
  • Length: 9:12
Show
View Real Time Build Order
Export as new Build Order

Maru Terran - Winner!

Build Orders: Cyclone Opening 

Get SALT Encoding   

  12  0:00  SCV  
  13  0:12  SCV  
  14  0:17  Supply Depot  
  14  0:24  SCV  
  15  0:39  SCV  
  15  0:40  Barracks  
  16  0:46  Refinery  
  16  0:51  SCV  
  16  0:55  Refinery  
  17  1:03  SCV  
  18  1:15  SCV  
  19  1:27  Orbital Command, Reaper  
  20  1:42  Factory  
  20  1:49  Supply Depot  
  20  1:53  SCV  
  21  2:03  Reaper  
  21  2:05  SCV  
  23  2:09  Bunker  
  23  2:17  SCV  
  24  2:29  SCV, Factory Tech Lab  
  24  2:41  SCV  
  24  2:42  Command Center  
  25  2:47  Cyclone  
  25  2:50  Supply Depot  
  28  2:53  SCV  
  29  3:04  Starport  
  30  3:05  SCV  
  30  3:17  SCV  
  33  3:20  Barracks, Widow Mine  
  33  3:29  SCV  
  35  3:41  Widow Mine  
  35  3:42  SCV  
  35  3:45  Medivac  
  35  3:48  Barracks  
  37  3:54  SCV, Orbital Command  
  38  4:02  Barracks Reactor, Cyclone  
  41  4:08  Barracks Tech Lab  
  41  4:09  SCV  
  42  4:11  Engineering Bay  
  42  4:14  Orbital Command  
  42  4:18  Starport Tech Lab  
  42  4:23  SCV  
  43  4:27  Marine  
  43  4:28  Stimpack  
  44  4:35  SCV  
  44  4:36  Widow Mine  
  47  4:38  Marine  
  47  4:39  Marine x2  
  47  4:41  SCV  
  47  4:43  Supply Depot  
  47  4:45  Marine  
  49  4:48  SCV  
  49  4:53  SCV  
  49  4:58  Marine  
  51  5:00  SCV  
  51  5:05  SCV, Refinery  
  51  5:12  SCV  
  52  5:16  Marine, Supply Depot  
  52  5:17  Raven, SCV  
  52  5:20  Supply Depot  
  56  5:24  SCV  
  56  5:26  Marine x2  
  56  5:28  Barracks Reactor  
  59  5:29  SCV  
  59  5:32  Supply Depot  
  60  5:36  Marine  
  60  5:37  SCV  
  60  5:41  SCV  
  63  5:43  Siege Tank  
  63  5:44  Marine  
  63  5:49  SCV  
  68  5:50  Refinery  
  68  5:53  SCV  
  69  5:57  Marine x2  
  69  5:58  Terran Infantry Weapons Level 1  
  69  6:01  SCV, Supply Depot  
  69  6:02  Marine  
  73  6:08  SCV  
  74  6:13  SCV  
  74  6:15  Siege Tank  
  74  6:18  Marine x3  
  75  6:20  SCV, Marine  
  75  6:25  SCV  
  81  6:29  Viking  
  83  6:34  Viking  
  83  6:39  Combat Shield  
  83  6:46  Marine x2, Marauder x2  
  89  6:51  Supply Depot  
  89  6:55  Siege Tank  
  89  7:00  Supply Depot  
  92  7:01  Concussive Shells  
  92  7:04  Marine x2  
  94  7:13  Viking, Marauder x2  
  100  7:18  Viking  
  102  7:26  Supply Depot  
  102  7:27  Marine x2  
  104  7:33  Siege Tank  
  104  7:35  Marauder  
  109  7:39  Supply Depot  
  109  7:40  Supply Depot  
  109  7:47  Viking  
  109  7:48  Marauder  
  113  7:51  Viking  
  113  7:53  Marine  
  113  7:56  Marauder  
  118  8:08  Marine  
  118  8:09  Marauder  
  121  8:17  Viking, Marauder  
  125  8:21  Viking  
  125  8:25  Marine x2  
  108  8:27  SCV  
  108  8:31  Marauder  
  106  8:39  Marauder  
  106  8:40  Missile Turret  
  106  8:41  Missile Turret  
  108  8:42  Missile Turret  
  110  8:52  Marine  
Show
View Real Time Build Order
Export as new Build Order

ShoWTimE Protoss 

Build Orders: 1 Gate Expand, Oracle Opening 

Get SALT Encoding   

  12  0:00  Probe  
  13  0:12  Probe  
  14  0:17  Pylon  
  14  0:24  Probe (Chrono Boost)  
  15  0:36  Probe (Chrono Boost), Gateway  
  16  0:44  Probe (Chrono Boost)  
  16  0:46  Assimilator  
  17  0:51  Probe  
  18  1:03  Probe  
  19  1:15  Probe  
  20  1:22  Cybernetics Core  
  20  1:34  Nexus  
  20  1:42  Pylon  
  20  1:44  Probe  
  21  1:50  Assimilator  
  21  1:56  Probe  
  21  1:57  Adept (Chrono Boost)  
  25  2:08  Probe  
  24  2:18  Stalker (Chrono Boost)  
  24  2:20  Probe  
  27  2:32  Probe  
  27  2:39  Stargate  
  27  2:43  Adept  
  29  2:47  Probe (Chrono Boost)  
  29  2:50  Probe (Chrono Boost)  
  31  2:53  Warp Gate  
  31  3:02  Probe (Chrono Boost)  
  31  3:04  Probe (Chrono Boost)  
  32  3:08  Probe (Chrono Boost)  
  32  3:11  Probe (Chrono Boost)  
  34  3:17  Probe  
  34  3:19  Oracle (Chrono Boost)  
  35  3:22  Probe  
  39  3:29  Probe  
  38  3:37  Probe  
  39  3:41  Probe  
  39  3:46  Pylon, Oracle (Chrono Boost)  
  40  3:50  Probe  
  40  3:54  Probe  
  45  4:01  Gateway  
  45  4:02  Probe  
  46  4:06  Probe, Gateway  
  47  4:14  Probe  
  47  4:15  Pylon  
  48  4:18  Probe  
  48  4:21  Robotics Facility  
  49  4:25  Assimilator  
  49  4:26  Probe  
  49  4:28  Assimilator  
  49  4:30  Probe  
  51  4:36  Shield Battery  
  51  4:38  Probe  
  52  4:42  Probe  
  53  4:50  Probe  
  54  4:54  Probe, Phoenix (Chrono Boost)  
  56  5:02  Probe  
  56  5:06  Stalker, Probe  
  61  5:14  Probe, Observer, Robotics Bay  
  61  5:16  Pylon  
  62  5:29  Pylon  
  62  5:31  Pylon  
  62  5:34  Probe x2  
  68  5:35  Immortal (Chrono Boost)  
  68  5:44  Pylon  
  68  5:45  Stalker  
  68  5:47  Probe  
  71  5:50  Sentry  
  71  5:56  Nexus  
  73  6:00  Probe x2  
  75  6:10  Colossus (Chrono Boost)  
  75  6:12  Probe x2  
  75  6:13  Observer  
  83  6:22  Gateway  
  83  6:24  Phoenix  
  85  6:26  Extended Thermal Lance  
  85  6:28  Probe  
  85  6:29  Probe  
  87  6:40  Shield Battery  
  87  6:46  Probe  
  89  6:50  Pylon, Colossus (Chrono Boost)  
  94  7:04  Twilight Council  
  94  7:05  Pylon  
  94  7:08  Probe x2, Phoenix (Chrono Boost)  
  98  7:11  Zealot x2, Sentry  
  98  7:14  Probe  
  105  7:20  Probe x2  
  107  7:25  Pylon  
  107  7:26  Probe  
  107  7:29  Phoenix (Chrono Boost)  
  109  7:32  Probe  
  109  7:34  Zealot x3  
  109  7:35  Zealot  
  118  7:40  Colossus (Chrono Boost)  
  124  7:45  Phoenix (Chrono Boost)  
  126  7:52  Pylon  
  126  7:54  Pylon  
  126  7:58  Zealot x3  
  132  8:07  Phoenix  
  132  8:12  Zealot  
  130  8:22  Zealot x3  
  112  8:32  Phoenix  
  112  8:38  Zealot  
  112  8:47  Gateway, Zealot x3  
  116  8:48  Gateway  
  116  8:50  Gateway  
  116  8:52  Gateway  
  116  8:55  Pylon  
  118  9:00  Pylon  
  118  9:01  Zealot  
Tags
 
Add a new tag
Caveats
  • Supply blocks, unpowered buildings, or Contaminate may cause inaccurate times.
  • Supply counts are checked every 10 seconds.